 Dungeon Crawl Stone Soup version 0.30.0-29-ga12c61a403 (webtiles) character file.

Game seed: 6821774122416959235

68 qw the Chopper (level 4, -2/28 HPs)
             Began as a Gargoyle Fighter on June 5, 2023.
             Slain by Grinder (3 damage)
             ... on level 3 of the Dungeon.
             The game lasted 00:01:10 (2165 turns).

qw the Chopper (Gargoyle Fighter)                   Turns: 2165, Time: 00:01:11

Health: -2/28      AC: 12    Str: 21    XL:     4   Next: 19%
Magic:  4/4        EV:  9    Int:  9    God:
Gold:   70         SH:  4    Dex:  9    Spells: 3/3 levels left

rFire   . . .        Y - +0 war axe
rCold   . . .        c - +0 buckler
rNeg    + . .        b - +0 scale mail
rPois   inf          (no helmet)
rElec   +            (no cloak)
rCorr   .            (no gloves)
SInv    .            a - +1 pair of boots
Will    .....        (no amulet) Stlth
                     (no ring)
HPRegen 0.24/turn    (no ring)
MPRegen 0.09/turn

%: no passive effects
@: no status effects
A: sickness immunity, AC +3, negative energy resistance 1, electricity
resistance, torment resistance 1, petrification resistance
a: no special abilities


You were on level 3 of the Dungeon.
You visited 1 branch of the dungeon, and saw 3 of its levels.

You collected 70 gold pieces.


Innate Abilities, Weirdness & Mutations

You are immune to sickness and miasma.
Your stone body is resilient. (AC +3)
You are immune to poison.
You resist negative energy. (rN+)
You are resistant to electric shocks. (rElec)
You are resistant to unholy torment.
You are immune to petrification.


   Skills:
 - Level 3.2 Fighting
 + Level 3.9 Axes
 - Level 3.2 Armour
 - Level 3.2 Shields


You had 3 spell levels left.
You didn't know any spells.
Your spell library was empty.

Inventory:

Hand Weapons
 f - a +0 club
 j - the +5 hand axe "Daletig" {freeze, rC+ rN+}
   (You found it on level 2 of the Dungeon)

   rC:        It protects you from cold.
   rN:        It protects you from negative energy.
 Y - a +0 war axe (weapon)
Armour
 a - a +1 pair of boots (worn)
 b - a +0 scale mail (worn)
 c - a +0 buckler (worn)
Jewellery
 h - an amulet of magic regeneration
Potions
 d - a potion of might
 e - 3 potions of curing
 g - 2 potions of flight {unknown}

Dungeon Overview and Level Annotations

Branches:
Dungeon (3/15)

Altars:
Ashenzari

Annotations:
D:3 Grinder


Message History

Grinder and a quokka come into view.
Found a curved bronze wand and a lumpy ruby potion.
Found an escape hatch in the ceiling.
Grinder shouts!
Enter note:
Enter note:
Enter note:
Enter note:
Enter note:
Enter note: You slash Grinder!
Grinder is heavily wounded.
Grinder gestures at you. Pain shoots through your body!
You block the quokka's attack. Grinder hits you.
You writhe in agony.
You slash Grinder!
Grinder is severely wounded.
You barely miss the quokka.
The quokka bites you but does no damage.
Grinder hits you.
The quokka bites you but does no damage.
You completely miss Grinder.
Grinder is severely wounded.
You hit the quokka but do no damage. Grinder hits you but does no damage.
The quokka barely misses you.
Grinder blinks!
You barely miss the quokka. The quokka bites you.
The quokka closely misses you.
You hit the quokka.
The quokka is moderately wounded.
The quokka closely misses you.
Grinder says, "I used to sell toenails on the black market."
You block the quokka's attack.
You slash the quokka!
You kill the quokka!
Grinder hits you!
You writhe in agony.
You hit Grinder.
Grinder is severely wounded.
Grinder hits you.
You die...

.# #.......
#####.#####
#.#...##
#<........### #
# #...........
# #.........#
#.#.........###
#.........../!.
#............
#....@5...##
#.........#
#.........#
########.## .#
#


You could see Grinder.

Vanquished Creatures
  An adder (D:2)
  A worm (D:2)
  8 endoplasms
  2 giant cockroaches
  4 goblins
  10 hobgoblins
  4 kobolds
  2 quokkas
  5 ball pythons (D:1)
  7 bats
  3 frilled lizards
  4 rats
51 creatures vanquished.

Notes
Turn   | Place    | Note
-------+----------+-------------------------------------------
     0 | D:1      | qw the Gargoyle Fighter began the quest for the Orb.
     0 | D:1      | Reached XP level 1. HP: 14/14 MP: 1/1
     0 | D:1      | 0 ||| qw: Version: 0.2-a-108-gee2c290
     0 | D:1      | 0 ||| qw: Game counter: 1482
     0 | D:1      | 0 ||| qw: Always use a shield: true
     0 | D:1      | 0 ||| qw: God list: Okawaru
     0 | D:1      | 0 ||| qw: Allow faded altars: false
     0 | D:1      | 0 ||| qw: Do Orc after D:15 true
     0 | D:1      | 0 ||| qw: Do second Lair branch before Depths: true
     0 | D:1      | 0 ||| qw: Lair rune preference: random
     0 | D:1      | 0 ||| qw: Plans: Normal, Zot:1-4, Slime:5, God:TSO, Crypt,
                  | Tomb, Abyss, Pan, Hells, Win
     0 | D:1      | 0 ||| PLANNING D:1-11
    19 | D:1      | 19 ||| Stepping ~*~*~tactically~*~*~ (stealth).
    84 | D:1      | Reached XP level 2. HP: 19/19 MP: 2/2
   112 | D:1      | 112 ||| Stepping ~*~*~tactically~*~*~ (stealth).
   271 | D:1      | Found a faded altar of an unknown god.
   388 | D:1      | Reached skill level 3 in Axes
   454 | D:1      | 454 ||| Stepping ~*~*~tactically~*~*~ (stealth).
   462 | D:1      | Reached XP level 3. HP: 23/23 MP: 3/3
   950 | D:1      | 950 ||| READING scroll labelled NAECUNULIR.
   951 | D:1      | 951 ||| READING 2 scrolls labelled ISOPPOSIAD.
   967 | D:1      | 967 ||| READING scroll labelled VAUZXU KAHAE.
   968 | D:1      | 968 ||| READING scroll labelled EGUR RIACWAIT.
   973 | D:1      | 973 ||| READING scroll labelled SOUSHR IG GILISHROMN.
   974 | D:1      | 974 ||| READING scroll labelled LOPTABL JIECEM.
   975 | D:1      | 975 ||| DRINKING 2 puce potions.
   976 | D:1      | 976 ||| DROPPING scroll of torment.
  1048 | D:2      | 1048 ||| Stepping ~*~*~tactically~*~*~ (stealth).
  1443 | D:2      | Reached XP level 4. HP: 28/28 MP: 4/4
  1553 | D:2      | Identified the +5 hand axe "Daletig" {freeze, rC+ rN+}
  1579 | D:2      | Found a broken altar of Ashenzari.
  1923 | D:2      | 1923 ||| UPGRADING to +1 pair of boots.
  1928 | D:2      | 1928 ||| READING scroll labelled HIFOSO QUFOECO.
  1929 | D:2      | 1929 ||| READING 3 scrolls labelled XUEPESOAVY.
  1930 | D:2      | 1930 ||| DROPPING 2 scrolls of immolation.
  2056 | D:3      | 2056 ||| Stepping ~*~*~tactically~*~*~ (stealth).
  2157 | D:3      | Noticed Grinder
  2164 | D:3      | HP: 4/28 [Grinder (7)]
  2164 | D:3      | HP: 1/28 [Grinder (3)]
  2165 | D:3      | Slain by Grinder

Levels and vault maps discovered:
D:1:      dpeg_arrival_tiny_a, layout_basic, shapermc_ecumenical_altar_gd,
          minmay_split_cup_large
D:2:      layout_loops_corners, basic_altar, kennysheep_cross_room
D:3:      layout_loops_ring, ebering_ghost_reflecting_pool,
          cheibrodos_gnoll_hut, uniq_robin, uniq_jessica, uniq_ijyb,
          uniq_grinder

Skill      XL: |  1  2 |
---------------+-------+-----
Axes           | 2 3 |  3.9
Fighting       | |  3.2
Armour         | |  3.2
Shields        | |  3.2

Action                     |  1- 3 |  4- 6 || total
---------------------------+-------+-------++-------
  Melee: War axe           |   143 |    36 ||   179
    Use: Scroll            |     6 |     2 ||     8
         Potion            |     1 |       ||     1
 Armour: Scale mail        |    75 |    18 ||    93
  Dodge: Dodged            |    70 |    18 ||    88
  Block: Buckler           |    33 |     8 ||    41

Table legend:
 A = Non-vault XP
 B = Vault XP
 C = Vault XP percentage of total XP
 D = Non-vault monster count
 E = Vault monster count
 F = Vault count percentage of total count
                 A         B        C        D         E       F
            +---------+---------+-------+---------+---------+-------
      Total |      92 |       6 |   6.1 |      47 |       4 |   7.8
            +---------+---------+-------+---------+---------+-------
        D:1 |      49 |       6 |  10.9 |      30 |       4 |  11.8
        D:2 |      35 |       0 |   0.0 |      13 |       0 |   0.0
        D:3 |       8 |       0 |   0.0 |       4 |       0 |   0.0
            +---------+---------+-------+---------+---------+-------
